 Dungeon Crawl Stone Soup version 0.29.0 (webtiles) character file.

Game seed: 6103628654564276609

168 Dorkslayer the Trooper (level 5, 0/48 HPs)
             Began as a Hill Orc Fighter on Sept 10, 2022.
             Slain by Menkaure (9 damage)
             ... on level 4 of the Dungeon.
             The game lasted 00:08:24 (2845 turns).

Dorkslayer the Trooper (Hill Orc Fighter)           Turns: 2845, Time: 00:08:24

Health: 0/48       AC: 13    Str: 21    XL:     5   Next: 48%
Magic:  5/5        EV:  6    Int:  8    God:
Gold:   143        SH:  4    Dex: 10    Spells: 4/4 levels left

rFire   . . .      SeeInvis .   a - +1 war axe
rCold   . . .      Faith    .   c - +0 buckler
rNeg    . . .      Spirit   .   j - +0 plate armour
rPois   .          Reflect  .   (no helmet)
rElec   .          Harm     .   l - +0 cloak
rCorr   .          Rampage  .   (no gloves)
Will    .....                   (no boots)
Stlth   ..........              (no amulet)
HPRegen 0.16/turn               (no ring)
MPRegen 0.09/turn               (no ring)

@: no status effects
A: no striking features
a: no special abilities


You were on level 4 of the Dungeon.
You visited 1 branch of the dungeon, and saw 4 of its levels.

You collected 143 gold pieces.

Inventory:

Hand Weapons
 a - a +1 war axe (weapon)
Missiles
 f - a poisoned dart (quivered)
Armour
 c - a +0 buckler (worn)
 j - a +0 plate armour (worn)
 l - a +0 cloak (worn)
Scrolls
 e - a scroll of identify
Potions
 b - a potion of curing
 d - a potion of might
 i - 2 potions of degeneration
 k - a potion of berserk rage {unknown}
 m - 2 potions of ambrosia


   Skills:
 * Level 5.1 Fighting
 + Level 4.3 Axes
 + Level 4.3 Armour
 * Level 1.0 Dodging
 + Level 0.1 Stealth
 + Level 3.5 Shields


You had 4 spell levels left.
You didn't know any spells.
Your spell library contained the following spells:

 Spells                   Type           Power      Damage    Failure   Level
 Call Canine Familiar     Summ           0%         N/A       100%        3
 Portal Projectile        Hex/Tloc       0%         N/A       100%        3
 Leda's Liquefaction      Hex/Erth       0%         N/A       100%        4


Dungeon Overview and Level Annotations

Branches:
Dungeon (4/15)
 Temple: D:4-7

Altars:
Cheibriados
Dithmenos
Ru
Wu Jian

Shops:
D:4 (

Annotations:
D:4 Menkaure


Message History

The adder bites you but does no damage. x2
You closely miss the adder.
The adder is almost dead.
The adder bites you but does no damage. x2
You miss the adder.
The adder is almost dead.
The adder barely misses you.
You barely miss the adder.
The adder is almost dead.
You hear the slow rusting of a very distant drain.
The adder barely misses you. You block the adder's attack.
You closely miss the adder.
The adder is almost dead.
The adder bites you but does no damage. x2
You barely miss the adder.
The adder is almost dead.
The adder barely misses you. The adder bites you but does no damage.
You barely miss the adder.
The adder is almost dead.
You block the adder's attack.
You hit the adder.
The adder is almost dead.
The adder bites you. The adder bites you but does no damage.
You slash the adder!
You kill the adder!
Your Fighting skill increases to level 5!
You see here an adder corpse.
Menkaure, Prince of Dust comes into view.
Menkaure shouts!
You hear a shout!
Menkaure casts a spell.
Menkaure seems to speed up.
A hobgoblin comes into view.
The hobgoblin shouts!
The hobgoblin moves out of view.
You slash Menkaure!
Menkaure is moderately damaged.
Menkaure hits you!
* * * LOW HITPOINT WARNING * * *
Menkaure hits you!
You die...

. .. ... ....
.....
......#########
......M@....†.#
......#######.#
..... #.# ....
#.# ... #.# ..
#.# . #.# #.#
#.#


You could see Menkaure (fast).

Vanquished Creatures
  3 gnolls (D:4)
  2 adders
  2 worms (D:2)
  2 dart slugs
  3 orcs (D:3)
  4 ball pythons
  2 bats
  5 endoplasms
  2 giant cockroaches
  11 hobgoblins
  26 jackals
  2 quokkas
  6 frilled lizards
  3 goblins
  6 kobolds
  22 rats
101 creatures vanquished.

Notes
Turn   | Place    | Note
-------+----------+-------------------------------------------
     0 | D:1      | Dorkslayer the Hill Orc Fighter began the quest for the
                  | Orb.
     0 | D:1      | Reached XP level 1. HP: 19/19 MP: 1/1
   168 | D:1      | Reached XP level 2. HP: 23/27 MP: 2/2
   217 | D:1      | Reached skill level 4 in Fighting
   360 | D:1      | Reached XP level 3. HP: 15/33 MP: 3/3
  1172 | D:2      | Found a faded altar of an unknown god.
  1405 | D:2      | Reached XP level 4. HP: 39/41 MP: 4/4
  2239 | D:3      | Reached skill level 1 in Dodging
  2613 | D:3      | Reached XP level 5. HP: 45/47 MP: 5/5
  2694 | D:4      | Found Haesia's Weapon Shoppe.
  2755 | D:4      | Found a snail-covered altar of Cheibriados.
  2756 | D:4      | Found an ornate altar of the Wu Jian Council.
  2756 | D:4      | Found a shadowy altar of Dithmenos.
  2758 | D:4      | Found a sacrificial altar of Ru.
  2839 | D:4      | Reached skill level 5 in Fighting
  2841 | D:4      | Noticed Menkaure
  2845 | D:4      | Slain by Menkaure

Illustrated notes

Levels and vault maps discovered:
D:1:      tarquinn_simple_flora_water_f, layout_loops_ring
D:2:      layout_loops_corners, hellmonk_ecumenical_altar_zigzags
D:3:      layout_rooms, serial_park_tiny_1, minmay_rat_hole
D:4:      layout_basic, grunt_temple_overflow_open, serial_shops, shop,
          nicolae_shop_trees, shop_statue, gup_sewer_entry_bowl,
          grunt_ministairs_6, minivault_24, uniq_menkaure, uniq_ijyb

Skill      XL: |  1  2  3  4  5 |
---------------+----------------+-----
Fighting       | 4 5 |  5.1
Axes           | 3 4 |  4.3
Armour         | 4 |  4.3
Dodging        | 1 |  1.0
Stealth        | |  0.1
Shields        | |  3.5

Action                   |  1- 3 |  4- 6 || total
-------------------------+-------+-------++-------
Melee: War axe           |   123 |   138 ||   261
Throw: Dart              |     2 |       ||     2
  Use: Scroll            |       |     5 ||     5
Armor: Scale mail        |    54 |       ||    54
       Plate armour      |    24 |   125 ||   149
Dodge: Dodged            |    52 |    50 ||   102
Block: Buckler           |    32 |    27 ||    59
